 Dungeon Crawl Stone Soup version 0.29-a0-911-g88e6f02907 (webtiles) character file.

Game seed: 9983905335433722708

9 porpoise the Sneak (level 2, 0/24 HPs)
             Began as a Demonspawn Delver on July 26, 2022.
             Slain by an ufetubus (1 damage)
             ... on level 5 of the Dungeon.
             The game lasted 00:01:17 (130 turns).

porpoise the Sneak (Demonspawn Delver)               Turns: 130, Time: 00:01:18

Health: 0/24       AC:  3    Str: 12    XL:     2   Next: 6%
Magic:  2/2        EV: 11    Int: 11    God:
Gold:   0          SH:  0    Dex: 14    Spells: 1/1 levels left

rFire   . . .      SeeInvis .   a - +0 spear
rCold   . . .      Faith    .   (no shield)
rNeg    . . .      Spirit   .   b - +0 leather armour
rPois   .          Reflect  .   (no helmet)
rElec   .          Harm     .   (no cloak)
rCorr   .          Rampage  .   (no gloves)
Will    .....                   (no boots)
Stlth   ++........              (no amulet)
HPRegen 0.08/turn               (no ring)
MPRegen 0.08/turn               (no ring)

@: no status effects
A: hooves 1
a: no special abilities


You were on level 5 of the Dungeon.
You visited 1 branch of the dungeon, and saw 1 of its levels.

Inventory:

Hand Weapons
 a - a +0 spear (weapon)
Armour
 b - a +0 leather armour (worn)
Wands
 g - a wand of digging (3)
Scrolls
 c - a scroll of fog
 d - a scroll of magic mapping
 e - a scroll of fear
Potions
 f - a potion of haste


   Skills:
 + Level 3.2 Fighting
 * Level 2.3 Polearms
 - Level 1.7 Dodging
 - Level 4.5 Stealth


You had one spell level left.
You didn't know any spells.
Your spell library was empty.

Dungeon Overview and Level Annotations

Branches:
Dungeon (5/15)
 Temple: D:4-7

Altars:

Shops:
D:5 =


Innate Abilities, Weirdness & Mutations

You have large cloven feet.


Message History

The gnoll is almost dead.
The gnoll completely misses you.
You hit the gnoll.
You kill the gnoll!
An iguana comes into view.
Your Polearms skill increases to level 2!
You have reached level 2!
Your demonic ancestry asserts itself...
Your feet thicken and deform.
You closely miss the ufetubus.
The iguana hisses angrily.
You kick the ufetubus.
The ufetubus is heavily wounded.
The ufetubus barely misses you. The ufetubus closely misses you.
The ufetubus hits you.
* * * LOW HITPOINT WARNING * * *
The ufetubus hits you but does no damage.
You barely miss the ufetubus. Your kick misses the ufetubus.
The ufetubus is heavily wounded.
The ufetubus hits you.
* * * LOW HITPOINT WARNING * * *
The ufetubus hits you but does no damage.
A scorpion comes into view.
You closely miss the ufetubus.
The ufetubus is heavily wounded.
The ufetubus hits you.
* * * LOW HITPOINT WARNING * * *
The ufetubus hits you.
* * * LOW HITPOINT WARNING * * *
The ufetubus barely misses you. x2
You miss the ufetubus. Your kick misses the ufetubus.
The ufetubus is heavily wounded.
The ufetubus hits you but does no damage.
The ufetubus hits you.
* * * LOW HITPOINT WARNING * * *
You closely miss the ufetubus. Your kick misses the ufetubus.
The ufetubus is heavily wounded.
The ufetubus hits you but does no damage.
The ufetubus hits you.
You die...

#......# ...#......#
...#....... ...#.#'#..#
##### #...#.#.#..#
..#...###.....#.#...
..#.##...#....#.#..>
#.#.#.....#...#.#.##
#.#@#..∩..#...#.#...
#.#5#.....#...#.....
##.###.#l##...#..#.######
...g...#s#####..#........
.........# ############
.).....### ###.... ####.
.$


You could see a scorpion, an iguana and an ufetubus.

Vanquished Creatures
  A gnoll (D:5)
1 creature vanquished.

Notes
Turn   | Place    | Note
-------+----------+-------------------------------------------
     0 | D:5      | porpoise the Demonspawn Delver began the quest for the Orb.
     0 | D:5      | Reached XP level 1. HP: 18/18 MP: 1/1
    95 | D:5      | Found Samiudwaytz's One-of-a-Kind Rings.
   125 | D:5      | Noticed an iguana
   126 | D:5      | Gained mutation: You have large cloven feet. [demonic
                  | ancestry]
   126 | D:5      | Reached XP level 2. HP: 8/24 MP: 2/2
   127 | D:5      | Noticed a scorpion
   129 | D:5      | HP: 1/24 [ufetubus (1)]
   130 | D:5      | Slain by an ufetubus

Illustrated notes

Levels and vault maps discovered:
D:5:      minmay_recursive_quarters, layout_basic, chei_slow_surprise,
          minmay_temple_entry_glass, nicolae_shop_unique_rings,
          grunt_decor_resistance

Skill      XL: |  1 |
---------------+----+-----
Polearms       | 2 |  2.3
Fighting       | |  3.2
Dodging        | |  1.7
Stealth        | |  4.5

Action                   || total
-------------------------++-------
Melee: Spear             ||    11
       Kick              ||     1
Armor: Leather armour    ||     4
Dodge: Dodged            ||     7

Table legend: (Time is in decaauts)
 A = Elapsed time spent in this place.
 B = Non-inter-level travel time spent in this place.
 C = Inter-level travel time spent in this place.
 D = Time resting spent in this place.
 E = Time spent auto-exploring this place.
 F = Levels seen in this place.
 G = Mean time per level.
                   A        B        C        D        E       F      G
               +--------+--------+--------+--------+--------+-----+--------+
         Total |    130 |    130 |      0 |      0 |      7 |   1 |  130.0 |
       Dungeon |    130 |    130 |      0 |      0 |      7 |   1 |  130.0 |
               +--------+--------+--------+--------+--------+-----+--------+

Top non-repeatable levels by time:
     D:5: 130 daAuts
